 Dungeon Crawl Stone Soup version 0.18-a0-1800-gdc7a371 (webtiles) character file.

13 M4edhros the Grave Robber (level 2, 0/17 HPs)
             Began as an Octopode Necromancer on Apr 24, 2016.
             Succumbed to an adder's poison
             ... on level 1 of the Dungeon.
             The game lasted 00:02:33 (346 turns).

M4edhros the Grave Robber (Octopode Necromancer)     Turns: 346, Time: 00:02:34

Health: 0/17       AC:  1    Str:  7    XL:     2   Next: 37%
Magic:  5/5        EV: 12    Int: 17    God:
Gold:   21         SH:  0    Dex: 12    Spells: 1 memorised, 4 levels left

rFire  . . .     SeeInvis .     j - +1 dagger (venom)
rCold  . . .     Gourm    .     (no shield)
rNeg   . . .     Faith    .     (helmet restricted)
rPois  .         Spirit   .     (no amulet)
rElec  .         Dismiss  .     (no ring)
rCorr  .         Reflect  .     (no ring)
SustAt .         Harm     .     (no ring)
MR     .....                    (no ring)
Stlth  +++.......               (no ring)
                                (no ring)
                                (no ring)
                                (no ring)

@: lethally poisoned (0 -> -2), not resistant to hostile enchantments, fairly
stealthy
A: almost no armour, amphibious, 8 rings, constrict 8, camouflage 1, gelatinous
body 1
a: no special abilities


You were on level 1 of the Dungeon.
You were not hungry.

You visited 1 branch of the dungeon, and saw 2 of its levels.

You collected 21 gold pieces.

Inventory:

Hand Weapons
 c - a +0 hunting sling
 e - a +0 spear
 j - a +1 dagger of venom (weapon)
Missiles
 f - 52 stones (quivered)
 h - 20 sling bullets
Scrolls
 i - 2 scrolls of enchant weapon {unknown}
 k - a scroll of remove curse {unknown}
Books
 a - a book of Necromancy

   Spells                             Type                      Level
   a - Pain                           Necromancy                   1
   b - Animate Skeleton               Necromancy                   1
   c - Vampiric Draining              Necromancy                   3
   d - Regeneration                   Charms/Necromancy            3
   e - Animate Dead                   Necromancy                   4
   f - Control Undead                 Necromancy                   4
Comestibles
 b - a bread ration
 d - 2 royal jellies


   Skills:
 - Level 2.0 Dodging
 - Level 2.6 Stealth
 + Level 2.0 Unarmed Combat
 - Level 2.0 Spellcasting
 - Level 4.0 Necromancy


You had 4 spell levels left.
You knew the following spells:

 Your Spells              Type           Power        Failure   Level  Hunger
a - Pain                  Necr           ###.         3%          1    #......


Dungeon Overview and Level Annotations

Branches:
Dungeon (2/15)

Altars:

Annotations:
D:2 Natasha


Innate Abilities, Weirdness & Mutations

You cannot wear most types of armour.
You are amphibious.
You can wear up to eight rings at the same time.
You can use your tentacles to constrict eight enemies at once.
Your skin changes colour to match your surroundings (Stealth).
Your rubbery body absorbs attacks (AC +1).


Message History

You feel sick.
* * * LOW HITPOINT WARNING * * *
You feel sick.
* * * LOW HITPOINT WARNING * * *
You feel sick.
Things that are here:
2 stones; a club
* * * LOW HITPOINT WARNING * * *
You feel sick.
Things that are here:
5 stones; a club; a kobold skeleton
f - 50 stones (gained 5)
* * * LOW HITPOINT WARNING * * *
You feel sick.
Things that are here:
2 stones; a club
f - 52 stones (gained 2)
* * * LOW HITPOINT WARNING * * *
You feel sick.
You die...

.............######.............
.................##....†........
.......#..)......##.............
.......#.........##.............
.................##.............
...........).....##.............
#.......#........##.............
........#.......................
........#.......@.........######
......>...###.............#
..........# #.....##......######
..........# #.....##...........#
..........# #.....##...........#
..........# #.....##...........#
..........##########......######
###.....#.'.≈#≈# ≈≈#.........##
.##.....#####≈# ##≈#..........#


There were no monsters in sight!

Vanquished Creatures
  4 bats (D:1)
  A giant cockroach (D:1)
  2 goblins (D:1)
  A hobgoblin (D:1)
  3 kobolds (D:1)
  A rat (D:1)
12 creatures vanquished.

Notes
Turn   | Place    | Note
--------------------------------------------------------------
     0 | D:1      | M4edhros the Octopode Necromancer began the quest for the Orb.
     0 | D:1      | Reached XP level 1. HP: 11/11 MP: 3/3
    47 | D:1      | Reached skill level 1 in Unarmed Combat
   105 | D:2      | Noticed Natasha
   124 | D:1      | Reached XP level 2. HP: 7/17 MP: 0/5
   346 | D:1      | Succumbed to an adder's poison

Vault maps used:
D:1:      ncdulo_wetmaze
D:2:      minitemple, fedhas_altar_2, uniq_jessica, uniq_natasha

Skill      XL: |  1  2 |
---------------+-------+-----
Unarmed Combat | 1 2 |  2.0
Dodging        | |  2.0
Stealth        | |  2.6
Spellcasting   | |  2.0
Necromancy     | |  4.0

Action                   || total
-------------------------++-------
Melee: Spear             ||    10
       Constrict         ||     1
 Fire: Hunting sling     ||     4
 Cast: Pain              ||    12
  Use: Scroll            ||     1
Armor: Skin              ||     3
Dodge: Dodged            ||     6
